 Dungeon Sprint DCSS version 0.30-a0-540-g0af01429fa (webtiles) character file.

Game seed: 5067624552015895378

22 rocky1 the Covert (level 2, -8/26 HPs)
             Began as a Naga Brigand on Dec 26, 2022.
             Mangled by an ogre
             ... wielding a +0 giant spiked club
              (34 damage)
             ... in the Dungeon (Sprint I: "Red Sonja").
             The game lasted 00:00:21 (11 turns).

rocky1 the Covert (Naga Brigand)                      Turns: 11, Time: 00:00:22

Health: -8/26      AC:  2    Str: 13    XL:     2   Next: 91%
Magic:  2/2        EV:  9    Int: 11    God:
Gold:   0          SH:  0    Dex: 12    Spells: 1/1 levels left

rFire   . . .      SeeInvis +    a - +2 dagger
rCold   . . .      Faith    .    (no shield)
rNeg    . . .      Spirit   .    b - +0 robe
rPois   +          Reflect  .    (no helmet)
rElec   .          Harm     .    c - +0 cloak
rCorr   .          Rampage  .    (no gloves)
Will    .....      NoTele   +    (no barding)
Stlth   ++++                     (no amulet)
HPRegen 0.24/turn                (no ring)
MPRegen 0.08/turn                (no ring)

@: very slow
A: AC +0, large, see invisible, deformed body, poison resistance, slowness 2,
spit poison 1, naga tail 1
a: Spit Poison


You were in the Dungeon.
You visited 1 branch

Inventory:

Hand Weapons
 a - a +2 dagger (weapon)
Missiles
 d - 9 poisoned darts (quivered)
 e - 3 curare-tipped darts
Armour
 b - a +0 robe (worn)
 c - a +0 cloak (worn)
Wands
 l - a wand of polymorph (13)
Scrolls
 k - a scroll of blinking
Potions
 f - a potion of curing
 g - a potion of heal wounds
 h - a potion of haste
 i - 2 potions of magic
 j - a potion of berserk rage


   Skills:
 - Level 2.0 Fighting
 + Level 2.2 Short Blades
 - Level 1.7 Throwing
 - Level 0.7 Dodging
 * Level 10.2 Stealth


You had one spell level left.
You didn't know any spells.
Your spell library was empty.

Dungeon Overview and Level Annotations

Branches:
Dungeon (1/1)

Altars:


Innate Abilities, Weirdness & Mutations

Your serpentine skin is tough. (AC +0)
You have supernaturally acute eyesight. (SInv)
Armour fits poorly on your strangely shaped body.
Your system is resistant to poisons. (rPois)
You cover ground very slowly.
You can spit poison.
You have a snake-like lower body.


Message History

Welcome, rocky1 the Naga Brigand.
Press ? for a list of commands and other information.
Found a staircase leading out of the dungeon.
You open the door.
Ijyb the Twisted Goblin comes into view.
She is wielding a +0 dagger and carrying a wand of polymorph (13).
There is an open door here.
The helpless Ijyb fails to defend herself.
You impale Ijyb!!
You kill Ijyb!
Your Stealth skill gained 5 levels and is now at level 10!
You have reached level 2!
l - a wand of polymorph (13)
Things that are here:
a +0 dagger; a +0 leather armour You open the door.
An ogre comes into view. It is wielding a +0 giant spiked club.
There is an open door here.
The ogre shouts!
The ogre hits you with a +0 giant spiked club!!
Ouch! That really hurt!
You die...

##########
#<.#.)'@.#
#..'..#.O+
#..#####+#
#..# #..#
#..# #⌠⌠#
####


You could see an ogre.

Vanquished Creatures
  Ijyb (D)
1 creature vanquished.

Notes
Turn   | Place    | Note
-------+----------+-------------------------------------------
     0 | D        | rocky1 the Naga Brigand began the quest for the Orb.
     0 | D        | Reached XP level 1. HP: 19/19 MP: 1/1
     2 | D        | Noticed Ijyb
     5 | D        | Killed Ijyb
     6 | D        | Reached skill level 10 in Stealth
     6 | D        | Reached XP level 2. HP: 26/26 MP: 2/2
     9 | D        | Noticed an ogre
    11 | D        | Mangled by an ogre

Illustrated notes

Levels and vault maps discovered:
D:        dungeon_sprint_1 [red_sonja_temple_1, red_sonja_temple_small_1]

Skill      XL: |  1 |
---------------+----+-----
Stealth        | 10 | 10.2
Fighting       | |  2.0
Short Blades   | |  2.2
Throwing       | |  1.7
Dodging        | |  0.7

Action                   || total
-------------------------++-------
Melee: Dagger            ||     1
 Stab: Sleeping          ||     1

Table legend: (Time is in decaauts)
 A = Elapsed time spent in this place.
 B = Non-inter-level travel time spent in this place.
 C = Inter-level travel time spent in this place.
 D = Time resting spent in this place.
 E = Time spent auto-exploring this place.
 F = Levels seen in this place.
 G = Mean time per level.
                   A        B        C        D        E       F      G
               +--------+--------+--------+--------+--------+-----+--------+
         Total |     13 |     13 |      0 |      0 |      0 |   1 |   13.0 |
       Dungeon |     13 |     13 |      0 |      0 |      0 |   1 |   13.0 |
               +--------+--------+--------+--------+--------+-----+--------+

Top non-repeatable levels by time:
       D: 13 daAuts
